 Dungeon Crawl Stone Soup version 0.26-a0-652-gafc20e3620 (webtiles) character file.

Game seed: 1934433163548702316

1869 ringo67 the Grappler (level 9, -3/63 (64) HPs)
             Began as an Octopode Fighter on Oct 3, 2020.
             Was an Initiate of Ru.
             Slain by an iguana (13 damage)
             ... on level 6 of the Dungeon.
             The game lasted 00:11:25 (7811 turns).

ringo67 the Grappler (Octopode Fighter)             Turns: 7811, Time: 00:11:26

HP:   -3/63 (64)    AC:  1    Str: 18    XL:     9   Next: 13%
MP:   9/9           EV: 12    Int: 11    God:    Ru [......]
Gold: 302           SH:  9    Dex: 17    Spells: 8/8 levels left

rFire    . . .     SeeInvis .     - Unarmed
rCold    . . .     Faith    .   a - +0 kite shield
rNeg     . . .     Spirit   .   (helmet restricted)
rPois    .         Reflect  .   (no amulet)
rElec    .         Harm     .   d - +6 ring of dexterity
rCorr    .         Rampage  .   (no ring)
MR       .....                  (no ring)
Stlth    +++.......             (no ring)
HPRegen  0.20/turn              (no ring)
MPRegen  0.11/turn              (no ring)
                                (no ring)
                                (no ring)

@: lethally poisoned (-3 -> -10)
A: almost no armour, stealthy swim, amphibious, 8 rings, constrict 8, camouflage
1, gelatinous body 1
a: Renounce Religion


You were on level 6 of the Dungeon.
You worshipped Ru.
Ru was noncommittal.
You visited 2 branches of the dungeon, and saw 8 of its levels.
You also visited: Sewer.

You collected 302 gold pieces.

Inventory:

Missiles
 v - 32 poisoned darts (quivered)
Armour
 a - a +0 kite shield (worn)
Jewellery
 d - a +6 ring of dexterity (left tentacle)
Wands
 m - a wand of paralysis (17)
 r - a wand of digging (8)
Scrolls
 c - 4 scrolls of teleportation
 f - 2 scrolls of identify
 h - a scroll of enchant weapon {unknown}
 j - a scroll of fear
 p - 4 scrolls of remove curse
 q - a scroll of enchant armour {unknown}
 t - a scroll of fog {unknown}
 w - a scroll of noise {unknown}
 x - a scroll of immolation {unknown}
 y - a scroll of torment {unknown}
 A - 4 scrolls of blinking {unknown}
Potions
 b - 2 potions of might
 e - 2 potions of haste
 g - 3 potions of stabbing
 k - a potion of mutation {unknown}
 l - 5 potions of heal wounds
 n - 5 potions of curing
 o - 4 potions of flight
 s - 2 potions of brilliance
 u - 2 potions of lignification
 z - a potion of resistance {unknown}


   Skills:
 + Level 7.3 Fighting
 - Level 3.0 Dodging
 - Level 3.0 Shields
 * Level 9.7 Unarmed Combat


You had 8 spell levels left.
You didn't know any spells.
Your spell library contained the following spells:

 Spells                   Type           Power        Failure   Level
 Magic Dart               Conj           #...         86%         1
 Searing Ray              Conj           #.....       94%         2
 Dazzling Flash           Conj/Hex       #.....       99%         3
 Fulminant Prism          Conj/Hex       #.........   100%        4
 Iskenderun's Mystic Bla  Conj/Tloc      #.......     100%        4


Dungeon Overview and Level Annotations

Branches:
Dungeon (7/15)             Temple (1/1) D:6           Sewer (visited)

Altars:
Ashenzari
Cheibriados
Dithmenos
Elyvilon
Fedhas
Gozag
Hepliaklqana
Kikubaaqudgha
Makhleb
Nemelex Xobeh
Okawaru
Qazlal
Ru
Trog
Uskayaw
Vehumet
Wu Jian
Xom
Yredelemnul
Zin
The Shining One

Annotations:
D:3 Sigmund


Innate Abilities, Weirdness & Mutations

You cannot wear most types of armour.
You are very stealthy in the water. (Stealth+)
You are amphibious.
You can wear up to eight rings at the same time.
You can use your tentacles to constrict eight enemies at once.
Your skin changes colour to match your surroundings (Stealth+).
Your rubbery body absorbs attacks. (AC +1, EV +1)


Message History

You bludgeon the scorpion! You grab the scorpion. You squeeze the scorpion.
The scorpion is almost dead.
You constrict the scorpion. The scorpion stings you.
* * * LOW HITPOINT WARNING * * *
You are poisoned.
The scorpion poisons you!
You tentacle-slap the scorpion but do no damage.
You squeeze the scorpion.
You kill the scorpion!
You feel sick.
You barely miss the iguana. Your grab misses the iguana.
You feel sick. The iguana bites you.
* * * LOW HITPOINT WARNING * * *
You barely miss the iguana. You grab the iguana. You constrict the iguana.
You feel sick. You block the iguana's attack.
You tentacle-slap the iguana but do no damage.
Your squeeze misses the iguana.
The iguana is lightly wounded.
You constrict the iguana.
You feel sick. The iguana bites you!
You die...

######## #......#
###.##.# #########
#.##.# #.......#
#@##.### ## #.......#
#l##.#.# .# #.......#
#.##...#
.#####.......###...##.#
................>####.#
.######......#...# #.#
.# ####.#.#.##.#### #.#
.# #...........##.###.#
.###.##[..............#


You could see an iguana.

Vanquished Creatures
  Edmund (D:5)
  A phantom (D:6)
  2 ice beasts (D:6)
  3 ogres
  A necrophage (D:7)
  A centaur (D:5)
  4 big kobolds
  2 scorpions (D:6)
  5 wights (D:6)
  A bullfrog zombie (D:6)
  A hound (D:6)
  An orc priest (D:6)
  A jelly (D:6)
  2 orc wizards (D:6)
  A bullfrog skeleton (D:4)
  A worker ant (D:5)
  A hound skeleton (D:4)
  Robin (D:2)
  7 adders
  2 river rats (D:4)
  A shadow imp (D:6)
  An ufetubus (D:5)
  An ooze (D:5)
  2 adder skeletons
  A worm (D:5)
  A dart slug (D:1)
  4 leopard geckos
  4 orcs
  5 ball pythons
  12 bats
  5 giant cockroaches
  13 goblins
  6 hobgoblins
  8 jackals
  4 quokkas
  3 frilled lizards
  38 kobolds
  7 rats
155 creatures vanquished.

Vanquished Creatures (others)
  5 dream sheep (D:4)
  9 plants (D:4)
14 creatures vanquished.

Grand Total: 169 creatures vanquished

Notes
Turn   | Place    | Note
-------+----------+-------------------------------------------
     0 | D:1      | ringo67 the Octopode Fighter began the quest for the Orb.
     0 | D:1      | Reached XP level 1. HP: 16/16 MP: 1/1
   476 | D:1      | Reached XP level 2. HP: 21/21 MP: 2/2
  1094 | D:2      | Reached skill level 3 in Unarmed Combat
  1109 | D:2      | Reached XP level 3. HP: 26/26 MP: 3/3
  1112 | D:2      | Noticed Robin
  1132 | D:2      | Killed Robin
  1437 | D:2      | Found a hazy altar of Hepliaklqana.
  1439 | D:2      | Reached XP level 4. HP: 32/32 MP: 4/4
  1454 | D:2      | Found an opulent altar of Gozag.
  1500 | D:2      | Found a burning altar of Makhleb.
  1500 | D:2      | Noticed a green death
  1942 | D:3      | Noticed Sigmund
  2143 | D:3      | Reached skill level 4 in Unarmed Combat
  2522 | D:4      | Noticed Edmund
  2571 | D:4      | Noticed an ogre
  2614 | D:4      | Reached XP level 5. HP: 37/37 MP: 5/5
  2821 | D:4      | Found a stormy altar of Qazlal.
  2823 | D:4      | Noticed an air elemental
  2824 | D:4      | Noticed a fire elemental
  2824 | D:4      | Noticed a water elemental
  2853 | D:4      | Found a glowing drain.
  2862 | Sewer    | Entered a sewer
  2912 | Sewer    | Noticed a big kobold
  2919 | Sewer    | Killed a big kobold
  2919 | Sewer    | Reached skill level 5 in Unarmed Combat
  2919 | Sewer    | Reached XP level 6. HP: 25/44 MP: 6/6
  3891 | D:4      | Found an iron altar of Okawaru.
  3934 | D:4      | Reached skill level 5 in Fighting
  3934 | D:4      | Reached skill level 6 in Unarmed Combat
  3934 | D:4      | Reached XP level 7. HP: 50/50 MP: 7/7
  4004 | D:4      | Noticed a dream sheep
  4004 | D:4      | Noticed a dream sheep
  4004 | D:4      | Noticed a dream sheep
  4004 | D:4      | Noticed a dream sheep
  4004 | D:4      | Noticed a dream sheep
  4004 | D:4      | Found a shimmering altar of Xom.
  4010 | D:4      | Killed a dream sheep
  4010 | D:4      | Killed a dream sheep
  4010 | D:4      | Killed a dream sheep
  4010 | D:4      | Killed a dream sheep
  4010 | D:4      | Killed a dream sheep
  4718 | D:5      | Entered Level 5 of the Dungeon
  4721 | D:5      | Found a bloodstained altar of Trog.
  4789 | D:5      | Reached skill level 7 in Unarmed Combat
  4975 | D:5      | Killed Edmund
  4975 | D:5      | Reached XP level 8. HP: 48/57 MP: 8/8
  5616 | D:6      | Reached skill level 8 in Unarmed Combat
  6530 | D:6      | Reached skill level 9 in Unarmed Combat
  6889 | D:6      | Reached XP level 9. HP: 64/64 MP: 9/9
  6932 | D:6      | Found a staircase to the Ecumenical Temple.
  6944 | Temple   | Entered the Ecumenical Temple
  7026 | Temple   | Became a worshipper of Ru the Awakened
  7811 | D:6      | Slain by an iguana

Illustrated notes

Levels and vault maps discovered:
D:1:      lemuel_arrival_lava_pool, layout_basic
D:2:      layout_rooms, nicolae_gozag_seed_capital, lemuel_crystal_altar,
          minmay_misc_feat_secret_circle, grunt_decor_mini_mirrors,
          grunt_decor_cap, makhleb_altar_promises_db, uniq_robin
D:3:      layout_basic, uniq_sigmund
D:4:      kennysheep_kobold_camp, layout_basic, lemuel_doored_altar,
          kb_xom_exploding_sheep, nicolae_qazlal_style_of_elements,
          portal_sewer_entry_e, uniq_edmund
D:5:      layout_gridville, lemuel_crystal_altar, st_stairs_14
D:6:      layout_basic, minmay_temple_entry_waves, st_stairs_8
D:7:      layout_cave_pools, lemuel_blue_sif_altar, serial_bayou_pond_c,
          hex_tiny, elyvilon_altar_5
Temple:   eino_wide_crystal_templ

Skill      XL: |  1  2  3  4  5  6  7  8 |
---------------+-------------------------+-----
Unarmed Combat | 3 4 5 6 7 9 |  9.7
Fighting       | 4 5 7 |  7.3
Dodging        | |  3.0
Shields        | |  3.0

Action                   |  1- 3 |  4- 6 |  7- 9 || total
-------------------------+-------+-------+-------++-------
Melee: Unarmed           |    63 |   100 |   154 ||   317
       Constrict         |    23 |    31 |    40 ||    94
       Tentacles         |    11 |    34 |    47 ||    92
       Punch             |       |     3 |    15 ||    18
Throw: Dart              |       |     4 |    15 ||    19
  Use: Scroll            |       |       |    11 ||    11
 Stab: Sleeping          |     5 |    12 |     3 ||    20
Armor: Skin              |     4 |    10 |     2 ||    16
Dodge: Dodged            |    21 |    40 |    37 ||    98
Block: Kite shield       |    24 |    39 |    67 ||   130

Table legend: (Time is in decaauts)
 A = Elapsed time spent in this place.
 B = Non-inter-level travel time spent in this place.
 C = Inter-level travel time spent in this place.
 D = Time resting spent in this place.
 E = Time spent auto-exploring this place.
 F = Levels seen in this place.
 G = Mean time per level.
                   A        B        C        D        E       F      G
               +--------+--------+--------+--------+--------+-----+--------+
         Total |   7808 |   7521 |    287 |   2477 |   3509 |   9 |  867.6 |
       Dungeon |   6808 |   6542 |    266 |   1892 |   3404 |   7 |  972.6 |
        Temple |    104 |     83 |     21 |      0 |     47 |   1 |  104.0 |
         Sewer |    895 |    895 |      0 |    585 |     58 |   1 |  895.0 |
               +--------+--------+--------+--------+--------+-----+--------+

Top non-repeatable levels by time:
     D:6: 2051 daAuts
     D:4: 1287 daAuts
     D:1: 1176 daAuts
     D:5: 925 daAuts
   Sewer: 895 daAuts
     D:3: 719 daAuts
     D:2: 642 daAuts
  Temple: 104 daAuts
     D:7: 6 daAuts
